 Dungeon Crawl Stone Soup version 0.28.0-53-g5a82cb258f (webtiles) character file.

Game seed: 5113248052943360103

21 Zeld the Ruffian (level 2, -1/23 HPs)
             Began as a Draconian Transmuter on June 3, 2022.
             Slain by an adder (3 damage)
             ... on level 2 of the Dungeon.
             The game lasted 00:00:59 (855 turns).

Zeld the Ruffian (Draconian Transmuter)              Turns: 855, Time: 00:01:00

Health: -1/23      AC:  4    Str: 12    XL:     2   Next: 65%
Magic:  4/5        EV: 12    Int: 13    God:
Gold:   8          SH:  0    Dex: 11    Spells: 2/5 levels left

rFire   . . .      SeeInvis .     - Unarmed
rCold   . . .      Faith    .   (no shield)
rNeg    . . .      Spirit   .   (armour unavailable)
rPois   .          Reflect  .   (helmet currently unavailable)
rElec   .          Harm     .   (no cloak)
rCorr   .          Rampage  .   (no gloves)
Will    .....                   (boots currently unavailable)
Stlth   +.........              (no amulet)
HPRegen 0.07/turn               (no ring)
MPRegen 0.09/turn               (no ring)

@: appendages
A: horns 2, talons 2, AC +4, unfitting armour, cold-blooded
a: End Transformation


You were on level 2 of the Dungeon.
You had temporarily grown beastly horns and talons.
You visited 1 branch of the dungeon, and saw 2 of its levels.

You collected 8 gold pieces.

Inventory:

Scrolls
 b - a scroll of noise {unknown}
Potions
 a - 2 potions of curing {unknown}


   Skills:
 * Level 1.6 Fighting
 - Level 1.7 Dodging
 - Level 3.0 Unarmed Combat
 + Level 2.1 Spellcasting
 + Level 2.1 Transmutations
 * Level 0.9 Ice Magic
 * Level 1.2 Poison Magic


You had 2 spell levels left.
You knew the following spells:

 Your Spells              Type           Power      Damage    Failure   Level
a - Beastly Appendage     Tmut           12%        N/A       11%         1
b - Wereblood             Tmut           6%         N/A       16%         2

Your spell library contained the following spells:

 Spells                   Type           Power      Damage    Failure   Level
 Spider Form              Tmut/Pois      5%         N/A       36%         3
 Ice Form                 Ice/Tmut       5%         N/A       80%         4


Dungeon Overview and Level Annotations

Branches:
Dungeon (2/15)

Altars:


Innate Abilities, Weirdness & Mutations

You have temporarily grown beastly horns and talons.
Your plain brown scales are hard. (AC +4)
You cannot fit into any form of body armour.
You are cold-blooded and may be slowed by cold attacks.


Message History

The kobold hits you with a +0 whip.
You barely miss the kobold. You headbutt the kobold.
You kill the kobold!
No target in view!
Your horns disappear.
Your talons disappear.
Things that are here:
a +0 whip; 3 stones No target in view!
Key pressed, stopping explore.
You see here a +0 chain mail.
Found a leather armour.
You see here a +0 club.
You see here a +0 dagger.
There is a stone staircase leading down here.
You climb downwards.
The adder closely misses you. The hobgoblin barely misses you.
The adder bites you.
You are poisoned.
The adder poisons you! The hobgoblin closely misses you.
There is a stone staircase leading up here.
An endoplasm comes into view.
You feel sick. The hobgoblin hits you. The adder bites you but does no damage.
You feel sick.
The endoplasm quivers.
The hobgoblin hits you.
Found a scroll labelled MAWAER LEFFIUV.
You feel sick.
You feel sick. The adder bites you.
You feel sick. The adder bites you.
* * * LOW HITPOINT WARNING * * *
You feel sick.
You feel sick.
You are no longer poisoned.
The adder closely misses you.
Casting: Beastly Appendage (safe; 11% risk of failure)
Confirm with . or Enter, or press ? or * to list all spells.
You grow a pair of large bovine horns.
Your feet morph into talons.
The adder bites you but does no damage.
You closely miss the adder.
Your tail-slap misses the adder.
The adder closely misses you.
You hit the adder but do no damage. The adder bites you.
You die...

...... ##......
#.....# : ##....##..
##.........
##.......>..
.##########...........
....?..@SgJ...<.......
#..#.#.###..##!.......
#...... #.####....#..
##.#.#.....# ###.#
#......#### .. #.....
.( #.###. . .. ##


You could see an adder, an endoplasm and a hobgoblin.

Vanquished Creatures
  5 endoplasms (D:1)
  2 goblins (D:1)
  2 jackals (D:1)
  4 kobolds (D:1)
  A quokka (D:1)
  A ball python (D:1)
  4 rats (D:1)
19 creatures vanquished.

Notes
Turn   | Place    | Note
-------+----------+-------------------------------------------
     0 | D:1      | Zeld the Draconian Transmuter began the quest for the Orb.
     0 | D:1      | Reached XP level 1. HP: 16/16 MP: 3/3
   281 | D:1      | Reached XP level 2. HP: 23/23 MP: 3/5
   293 | D:1      | Learned a level 2 spell: Wereblood
   304 | D:1      | Reached skill level 1 in Poison Magic
   855 | D:2      | Slain by an adder

Illustrated notes

Levels and vault maps discovered:
D:1:      amcnicky_arrival_feature_with_door, layout_loops_ring,
          hellmonk_ecumenical_altar_prayer_group, st_stairs_8
D:2:      layout_rooms, serial_glass, glass_columns_a, glass_columns_a,
          minmay_strange_pillars, due_unseen_surprise, minmay_strange_pillars,
          item_on_display_a

Skill      XL: |  1  2 |
---------------+-------+-----
Poison Magic   | 1 |  1.2
Fighting       | |  1.6
Dodging        | |  1.7
Unarmed Combat | |  3.0
Spellcasting   | |  2.1
Transmutations | |  2.1
Ice Magic      | |  0.9

Action                   || total
-------------------------++-------
Melee: Unarmed           ||    45
       Kick              ||     9
       Tailslap          ||     5
       Headbutt          ||     5
 Cast: Beastly Appendage ||    10
Armor: Skin              ||    13
Dodge: Dodged            ||    24
